 Dungeon Crawl Stone Soup version 0.22-a0-422-g9628fc8 (webtiles) character file.

20 Collin1234 the Conjurer (level 2, 0/20 HPs)
             Began as a Demigod Conjurer on May 16, 2018.
             Succumbed to an adder's poison
             ... on level 2 of the Dungeon on May 17, 2018.
             The game lasted 00:04:02 (1439 turns).

Collin1234 the Conjurer (Demigod Conjurer)          Turns: 1439, Time: 00:04:02

Health: 0/20       AC:  3    Str: 11    XL:     2   Next: 42%
Magic:  1/7        EV: 13    Int: 19    God:
Gold:   89         SH:  0    Dex: 16    Spells: 3/4 levels left

rFire    . . .     SeeInvis .   i - +0 club
rCold    . . .     Gourm    .   (no shield)
rNeg     . . .     Faith    .   a - +0 robe
rPois    .         Spirit   .   e - +0 helmet
rElec    .         Reflect  .   (no cloak)
rCorr    .         Harm     .   (no gloves)
MR       .....                  (no boots)
Stlth    ++........             (no amulet)
HPRegen  0.06/turn              (no ring)
MPRegen  0.10/turn              (no ring)

@: lethally poisoned (0 -> -6)
A: high mp 1
a: no special abilities


You were on level 2 of the Dungeon.
You were not hungry.

You visited 1 branch of the dungeon, and saw 2 of its levels.

You collected 89 gold pieces.

Inventory:

Hand Weapons
 i - a +0 club (weapon)
Armour
 a - a +0 robe (worn)
 e - a +0 helmet (worn)
 h - a +0 centaur barding
Potions
 b - a potion of brilliance {unknown}
 d - a potion of lignification {unknown}
 f - a potion of might {unknown}
 g - a potion of agility {unknown}
Comestibles
 c - 2 rations


   Skills:
 + Level 2.1 Dodging
 + Level 1.8 Stealth
 + Level 1.9 Spellcasting
 + Level 4.0 Conjurations


You had 3 spell levels left.
You knew the following spells:

 Your Spells              Type           Power        Failure   Level  Hunger
a - Magic Dart            Conj           ###.         3%          1    #......

Your spell library contained the following spells:

 Spells                   Type           Power        Failure   Level  Hunger
 Iskenderun's Mystic Bla  Conj           ###.....     32%         4    #####..
 Fulminant Prism          Conj/Hex       #.........   58%         4    #####..
 Dazzling Spray           Conj/Hex       #.....       22%         3    ###....
 Force Lance              Conj/Tloc      #.......     58%         4    #####..
 Searing Ray              Conj           ###...       4%          2    ###....


Dungeon Overview and Level Annotations

Branches:
Dungeon (2/15)


Innate Abilities, Weirdness & Mutations

You have an increased reservoir of magic. (+10% MP)


Message History

You hit the adder but do no damage.
The adder is severely wounded.
The adder closely misses you. The adder bites you.
You are lethally poisoned!
The adder poisons you!
You barely miss the adder.
The adder is severely wounded.
* * * LOW HITPOINT WARNING * * *
You feel sick. The adder bites you but does no damage.
You barely miss the adder.
The adder is severely wounded.
* * * LOW HITPOINT WARNING * * *
You feel sick. The adder completely misses you. The adder closely misses you.
You closely miss the adder.
The adder is severely wounded.
The adder closely misses you. The adder bites you.
* * * LOW HITPOINT WARNING * * *
You miss the adder.
The adder is severely wounded.
You die...

#..................
......>....†..........
##....................
#####.######†........
..........#...#+...g
##.................
#.......####......
#..........'......
#.@S.#.#...#......
##...#.#...# #....
#...#.#...# ....
#####+#...# . ....#
.....# ....... .......


You could see an adder.

Vanquished Creatures
  An adder (D:2)
  A leopard gecko (D:1)
  A giant cockroach (D:2)
  3 hobgoblins (D:1)
  2 frilled lizards
  2 goblins (D:1)
  A rat (D:1)
11 creatures vanquished.

Notes
Turn   | Place    | Note
-------+----------+-------------------------------------------
     0 | D:1      | Collin1234 the Demigod Conjurer began the quest for the Orb.
     0 | D:1      | Reached XP level 1. HP: 14/14 MP: 5/5
  1391 | D:2      | Found a sparkling altar of Nemelex Xobeh.
  1399 | D:2      | Reached skill level 4 in Conjurations
  1399 | D:2      | Reached XP level 2. HP: 20/20 MP: 0/7
  1438 | D:2      | HP: 1/20 [adder (4)]
  1439 | D:2      | Succumbed to an adder's poison

Vault maps used:
D:1:      dpeg_arrival_connections
D:2:      nemelex_xobeh_ov_fountains_minmay

Skill      XL: |  1 |
---------------+----+-----
Dodging        | 2 |  2.1
Conjurations   | 4 |  4.0
Stealth        | |  1.8
Spellcasting   | |  1.9

Action                   || total
-------------------------++-------
Melee: Unarmed           ||    16
       Club              ||    13
 Cast: Magic Dart        ||    26
  Use: Scroll            ||     1
  Eat: Ration            ||     1
Armor: Robe              ||     8
Dodge: Dodged            ||    22

Table legend:
 A = Spawn XP
 B = Non-spawn XP
 C = Spawn XP percentage of total XP
 D = Spawn monster count
 E = Non-spawn monster count
 F = Spawn count percentage of total count
 G = Total turns spent on level
                    A         B        C        D         E        F      G
               +---------+---------+-------+---------+---------+-------+---------
         Total |       0 |      29 |   0.0 |       0 |      11 |   0.0 |  1439
               +---------+---------+-------+---------+---------+-------+---------
           D:1 |       0 |      13 |   0.0 |       0 |       8 |   0.0 |  1391
           D:2 |       0 |      16 |   0.0 |       0 |       3 |   0.0 |    48
               +---------+---------+-------+---------+---------+-------+---------
